 Dungeon Crawl Stone Soup version 0.29-a0-297-g7659ce593d (webtiles) character file.

Game seed: 167204560389747791

1654 Zivar the Covert (level 8, -3/36 HPs)
             Began as a Spriggan Enchanter on Mar 20, 2022.
             Slain by a vampire mosquito (11 damage)
             ... on level 6 of the Dungeon.
             The game lasted 00:20:16 (7565 turns).

Zivar the Covert (Spriggan Enchanter)               Turns: 7565, Time: 00:20:17

Health: -3/36      AC:  4    Str:  6    XL:     8   Next: 68%
Magic:  16/21      EV: 17    Int: 16    God:
Gold:   483        SH:  0    Dex: 16    Spells: 10/24 levels left

rFire   . . .      SeeInvis +   l - +1 dagger (drain)
rCold   . . .      Faith    .   (no shield)
rNeg    . . .      Spirit   .   b - +0 robe
rPois   .          Reflect  .   i - +2 hat
rElec   .          Harm     .   (no cloak)
rCorr   .          Rampage  .   (gloves unavailable)
Will    +....                   (boots unavailable)
Stlth   ++++......              (no amulet)
HPRegen 0.12/turn               (no ring)
MPRegen 0.17/turn               (no ring)

@: mighty, confusing by touch, very quick
A: very small, no large weapons, unfitting armour, see invisible, speed 3
a: no special abilities


You were on level 6 of the Dungeon.
You visited 1 branch of the dungeon, and saw 9 of its levels.

You collected 494 gold pieces.
You spent 11 gold pieces at shops.

Inventory:

Hand Weapons
 a - a +1 dagger
 k - a +3 trident
 l - a +1 dagger of draining (weapon)
 o - a +0 dagger of speed
 t - the +11 whip of Oozing Pus {vamp, Str+2 Int+3 SInv}
   (You found it on level 6 of the Dungeon)

   It occasionally heals its wielder for a portion of the damage dealt when it
   wounds a living foe.
   Str:       It affects your strength (+2).
   Int:       It affects your intelligence (+3).
   SInv:      It lets you see invisible.
Missiles
 f - 4 atropa-tipped darts
 g - 2 throwing nets
 h - 9 poisoned darts (quivered)
 n - 5 curare-tipped darts
Armour
 b - a +0 robe (worn)
 i - a +2 hat (worn)
Scrolls
 p - a scroll of identify
 q - 4 scrolls of amnesia
Potions
 c - 2 potions of invisibility
 d - a potion of lignification
 e - a potion of attraction
 j - a potion of ambrosia
 r - 2 potions of curing
 u - a potion of flight


   Skills:
 - Level 1.1 Short Blades
 - Level 2.6 Dodging
 + Level 9.7 Stealth
 + Level 8.5 Spellcasting
 + Level 8.9 Hexes


You had 10 spell levels left.
You knew the following spells:

 Your Spells              Type           Power      Damage    Failure   Level
a - Ensorcelled Hibernat  Hex/Ice        42%        N/A       2%          2
b - Tukima's Dance        Hex            35%        N/A       1%          3
c - Dazzling Flash        Conj/Hex       42%        N/A       4%          3
d - Confusing Touch       Hex            35%        N/A       1%          3
e - Blink                 Tloc           12%        N/A       16%         2
f - Apportation           Tloc           12%        N/A       11%         1

Your spell library contained the following spells:

 Spells                   Type           Power      Damage    Failure   Level
 Animate Skeleton         Necr           12%        N/A       11%         1
 Pain                     Necr           24%        1d5       11%         1
 Leda's Liquefaction      Hex/Erth       10%        N/A       17%         4
 Vampiric Draining        Necr           6%         2d6       32%         3
 Metabolic Englaciation   Hex/Ice        10%        N/A       43%         5
 Iskenderun's Mystic Bla  Conj/Tloc      6%         2d4       71%         4
 Petrify                  Tmut/Erth      6%         N/A       71%         4
 Alistair's Intoxication  Tmut/Pois      4%         N/A       96%         5
 Lee's Rapid Deconstruct  Erth           3%         3d6*      96%         5
 Manifold Assault         Tloc           6%         N/A       96%         5
 Starburst                Conj/Fire      3%         6d3       100%        6
 Statue Form              Tmut/Erth      4%         N/A       100%        6
 Storm Form               Tmut/Air       3%         N/A       100%        7


Dungeon Overview and Level Annotations

Branches:
Dungeon (9/15)
 Temple: D:4-7         Lair: D:8-11         Orc: D:9-12

Altars:
Hepliaklqana
Qazlal
Trog

Shops:
D:2 !


Innate Abilities, Weirdness & Mutations

You are very small and have problems with some larger weapons.
You are too small for most types of armour.
You have supernaturally acute eyesight. (SInv)
You cover ground extremely quickly. (Speed+++)


Message History

The vampire mosquito misses you.
Unknown command.
Unknown command.
Unknown command.
Unknown command.
Unknown command.
Casting: Confusing Touch (safe; 1% risk of failure)
Confirm with . or Enter, or press ? or * to list all spells.
Your hands begin to glow red.
The vampire mosquito barely misses you.
The vampire mosquito closely misses you.
Unknown command.
You hit the vampire mosquito but do no damage.
The vampire mosquito appears confused.
You punch the vampire mosquito, but do no damage.
The vampire mosquito misses the vampire mosquito.
You strike the helpless vampire mosquito from behind!
You impale the vampire mosquito!!
The vampire mosquito is almost destroyed.
The vampire mosquito closely misses you.
The vampire mosquito barely misses you.
You closely miss the vampire mosquito.
The vampire mosquito is almost destroyed.
The vampire mosquito barely misses you.
The vampire mosquito bites itself.
The vampire mosquito is destroyed!
Casting: Confusing Touch (safe; 1% risk of failure)
Confirm with . or Enter, or press ? or * to list all spells.
Your hands begin to glow red.
The vampire mosquito misses you. The vampire mosquito bites you!
The vampire mosquito draws strength from your injuries!
Unknown command.
You closely miss the vampire mosquito. The vampire mosquito bites you!
The vampire mosquito draws strength from your injuries!
The vampire mosquito bites you!
* * * LOW HITPOINT WARNING * * *
The vampire mosquito draws strength from your injuries!
You are too injured to fight recklessly!
You are too injured to fight recklessly!
Unknown command.
You feel better. The vampire mosquito bites you!
You die...

##.....###
#.#.......
##......... ##
#.......... +.
##........# #.
#####.......# #.
#...#........
#.#####......#.....
#.@yy......###...#.
####...#.### #..##.
#.###..####.###.
#.# ##........#.
#.. #.#y#...... #..
####....... #.#.
#.$....# ?.#.
##...... ......


You could see 2 vampire mosquitoes.

Vanquished Creatures
  A vampire mosquito (D:6)
  A sky beast (D:6)
  2 necrophages
  5 scorpions
  A bullfrog (D:9)
  3 howler monkeys (D:8)
  6 hounds
  An orc priest (D:4)
  3 jellies
  3 orc wizards (D:5)
  Robin (D:2)
  5 gnolls
  5 adders
  A shadow imp (D:6)
  2 worms
  3 dart slugs
  10 orcs
  7 ball pythons
  8 endoplasms
  3 giant cockroaches
  19 goblins
  7 hobgoblins
  A jackal (D:2)
  4 quokkas
  4 bats
  5 frilled lizards
  8 kobolds
  5 rats (D:2)
124 creatures vanquished.

Vanquished Creatures (collateral kills)
  Sigmund (D:5)
  A wight (D:5)
  3 gnolls
5 creatures vanquished.

Vanquished Creatures (others)
  2 dancing weapons
  A goblin (D:2)
  3 plants (D:5)
6 creatures vanquished.

Grand Total: 135 creatures vanquished

Notes
Turn   | Place    | Note
-------+----------+-------------------------------------------
     0 | D:1      | Zivar the Spriggan Enchanter began the quest for the Orb.
     0 | D:1      | Reached XP level 1. HP: 9/9 MP: 5/5
    60 | D:1      | Found a faded altar of an unknown god.
    69 | D:1      | Reached XP level 2. HP: 13/13 MP: 7/7
    82 | D:1      | You fall into a shaft and drop 1 floor!
    87 | D:2      | Learned a level 2 spell: Ensorcelled Hibernation
   249 | D:2      | Found Sihacs's Distillery.
   509 | D:2      | Bought a potion of degeneration for 11 gold pieces
  1046 | D:1      | Reached XP level 3. HP: 14/16 MP: 1/9
  1050 | D:1      | Learned a level 3 spell: Tukima's Dance
  1054 | D:1      | Learned a level 3 spell: Confusing Touch
  2461 | D:3      | Noticed Robin
  2473 | D:2      | Killed Robin
  2480 | D:2      | Reached XP level 4. HP: 13/21 MP: 3/11
  2905 | D:3      | Reached skill level 5 in Hexes
  3426 | D:3      | Noticed a scorpion
  3463 | D:3      | Killed a scorpion
  3464 | D:3      | Reached skill level 5 in Spellcasting
  3464 | D:3      | Reached XP level 5. HP: 21/24 MP: 9/13
  4012 | D:4      | Reached skill level 5 in Stealth
  4021 | D:4      | Reached XP level 6. HP: 14/28 MP: 1/15
  4518 | D:4      | Found a bloodstained altar of Trog.
  4527 | D:4      | Reached skill level 6 in Stealth
  4758 | D:4      | Reached XP level 7. HP: 31/32 MP: 12/17
  5076 | D:5      | Entered Level 5 of the Dungeon
  5175 | D:5      | Reached skill level 7 in Stealth
  5406 | D:5      | Found a hazy altar of Hepliaklqana.
  5501 | D:5      | Noticed Sigmund
  5537 | D:5      | Killed Sigmund
  5840 | D:5      | Reached skill level 8 in Stealth
  5855 | D:5      | Reached XP level 8. HP: 10/36 MP: 0/20
  6395 | D:5      | Identified the +8 hand axe of the Valley of Death {freeze,
                  | Will+ Dex+4}
  6899 | D:6      | You fall into a shaft and drop 3 floors!
  7023 | D:8      | Found a stormy altar of Qazlal.
  7262 | D:6      | Reached skill level 9 in Stealth
  7400 | D:6      | Learned a level 3 spell: Dazzling Flash
  7403 | D:6      | Learned a level 2 spell: Blink
  7405 | D:6      | Learned a level 1 spell: Apportation
  7417 | D:6      | Identified the +11 whip of Oozing Pus {vamp, Str+2 Int+3
                  | SInv}
  7564 | D:6      | HP: 1/36 [vampire mosquito (10)]
  7565 | D:6      | Slain by a vampire mosquito

Illustrated notes

Levels and vault maps discovered:
D:1:      dpeg_arrival_court, layout_basic,
          hellmonk_ecumenical_altar_leap_of_faith, minmay_3d_cube
D:2:      minmay_evil_eye, layout_loops_cross, serial_shops, shop,
          nicolae_figureground_sparkle
D:3:      layout_rooms, ebering_dispersal_statue_hall, uniq_robin
D:4:      layout_rooms, trog_hazing_becter
D:5:      layout_layer_cave, amcnicky_altar_gilded, serial_bayou,
          serial_bayou_pond_e, serial_bayou_pond_b, serial_bayou_pond_e,
          serial_bayou_shore_a, uniq_sigmund
D:6:      layout_cave_pools, mainiacjoe_overflow_swirl
D:7:      layout_basic, minmay_temple_entry_mist, minmay_gold_behind_fungi,
          eino_small_chamber_without_monster
D:8:      layout_gridville, nicolae_dithmenos_the_darkroom, marbit_many_paths,
          uniq_maggie
D:9:      minmay_cornered_nines, layout_cross,
          mainiacjoe_overflow_concentric_impassable, david_orc_2, uniq_psyche,
          uniq_joseph

Skill      XL: |  1  2  3  4  5  6  7  8 |
---------------+-------------------------+-----
Spellcasting   | 3 4 5 6 7 8 |  8.5
Hexes          | 4 5 6 7 8 |  8.9
Stealth        | 5 6 8 9 |  9.7
Short Blades   | |  1.1
Dodging        | |  2.6

Action                   |  1- 3 |  4- 6 |  7- 9 || total
-------------------------+-------+-------+-------++-------
Melee: Dagger            |   124 |   130 |    55 ||   309
       Punch             |     1 |     1 |     1 ||     3
Throw: Dart              |       |     4 |       ||     4
 Cast: Ensorcelled Hiber |    19 |    36 |    19 ||    74
       Tukima's Dance    |       |     2 |    10 ||    12
       Confusing Touch   |       |     1 |     5 ||     6
  Use: Scroll            |     3 |     1 |     8 ||    12
       Potion            |     5 |     4 |     3 ||    12
 Stab: Sleeping          |    18 |    17 |    24 ||    59
       Distracted        |     2 |     1 |     2 ||     5
       Confused          |       |     1 |     4 ||     5
Armor: Robe              |    16 |    13 |     3 ||    32
       Skin              |    22 |     1 |       ||    23
Dodge: Dodged            |    94 |   123 |    39 ||   256

Table legend: (Time is in decaauts)
 A = Elapsed time spent in this place.
 B = Non-inter-level travel time spent in this place.
 C = Inter-level travel time spent in this place.
 D = Time resting spent in this place.
 E = Time spent auto-exploring this place.
 F = Levels seen in this place.
 G = Mean time per level.
                   A        B        C        D        E       F      G
               +--------+--------+--------+--------+--------+-----+--------+
         Total |   6115 |   5953 |    162 |   1280 |   3599 |   9 |  679.4 |
       Dungeon |   6115 |   5953 |    162 |   1280 |   3599 |   9 |  679.4 |
               +--------+--------+--------+--------+--------+-----+--------+

Top non-repeatable levels by time:
     D:2: 1914 daAuts
     D:5: 1222 daAuts
     D:4: 997 daAuts
     D:3: 917 daAuts
     D:1: 575 daAuts
     D:8: 214 daAuts
     D:6: 210 daAuts
     D:9: 50 daAuts
     D:7: 11 daAuts
